 Dungeon Crawl Stone Soup version 0.28.0-53-g5a82cb258f (webtiles) character file.

Game seed: 13717065095551388951

287 H0rd4k the Charlatan (level 6, -2/44 HPs)
             Began as a Human Artificer on Aug 5, 2022.
             Slain by a scorpion (4 damage)
             ... on level 4 of the Dungeon.
             The game lasted 00:03:41 (4167 turns).

H0rd4k the Charlatan (Human Artificer)              Turns: 4167, Time: 00:03:43

Health: -2/44      AC:  5    Str: 10 (13) XL:     6   Next: 56%
Magic:  6/6        EV: 11    Int: 12 (13) God:
Gold:   117        SH:  0    Dex: 12 (13) Spells: 5/5 levels left

rFire   . . .      SeeInvis .   o - +3 hunting sling (flame)
rCold   . . .      Faith    .   (no shield)
rNeg    . . .      Spirit   .   b - +0 leather armour
rPois   .          Reflect  .   (no helmet)
rElec   .          Harm     .   (no cloak)
rCorr   .          Rampage  .   k - +0 pair of gloves
Will    .....                   i - +0 pair of boots
Stlth   ++........              (no amulet)
HPRegen 0.14/turn               (no ring)
MPRegen 0.10/turn               (no ring)

@: lethally poisoned (-2 -> -18)
A: no striking features
a: no special abilities


You were on level 4 of the Dungeon.
You visited 1 branch of the dungeon, and saw 4 of its levels.

You collected 117 gold pieces.

Inventory:

Hand Weapons
 a - a +0 club
 j - a +1 whip of freezing
 o - a +3 hunting sling of flaming (weapon)
Missiles
 m - 11 poisoned darts
 p - 150 stones
 q - 18 sling bullets (quivered ammo)
Armour
 b - a +0 leather armour (worn)
 i - a +0 pair of boots (worn)
 k - a +0 pair of gloves (worn)
Wands
 c - a wand of flame (14)
 d - a wand of charming (14)
 t - a wand of paralysis (6)
Scrolls
 f - 5 scrolls of identify {unknown}
 g - a scroll of blinking {unknown}
 h - 2 scrolls of magic mapping {unknown}
 l - a scroll of enchant armour {unknown}
 r - a scroll of amnesia {unknown}
 s - a scroll of teleportation {unknown}
 v - a scroll of enchant weapon {unknown}
Potions
 u - a potion of heal wounds {unknown}
Miscellaneous
 e - a piece from Xom's chessboard (15/15)


   Skills:
 + Level 2.1 Fighting
 + Level 3.0 Maces & Flails
 + Level 2.7 Slings
 + Level 2.9 Armour
 + Level 1.6 Dodging
 + Level 1.9 Stealth
 + Level 3.5 Evocations


You had 5 spell levels left.
You didn't know any spells.
Your spell library contained the following spells:

 Spells                   Type           Power      Damage    Failure   Level
 Sandblast                Erth           0%         2d4       41%         1
 Passwall                 Tmut/Erth      0%         N/A       54%         2
 Stone Arrow              Conj/Erth      0%         3d7       78%         3


Dungeon Overview and Level Annotations

Branches:
Dungeon (4/15)
 Temple: D:4-7

Altars:
Ashenzari
Qazlal
Uskayaw
Xom

Shops:
D:4 *


Message History

You shoot a stone. The stone closely misses the scorpion.
You feel very sick. The scorpion stings you.
You are more poisoned.
The scorpion poisons you!
You shoot a stone. The stone barely misses the scorpion.
You feel very sick. The scorpion stings you!
You are too injured to fight recklessly!
You are too injured to fight recklessly!
Unknown command.
You are too injured to fight recklessly!
You are too injured to fight recklessly!
You are too injured to fight recklessly!
Fire: 20 sling bullets
Press: ? - help, Q - select action, (/) - cycle Shift-Dir - straight line, f/p - scorpion
Aim: a scorpion (moderately wounded, 63% to hit)
You shoot a sling bullet.
The sling bullet barely misses the scorpion.
You feel very sick.
The scorpion stings you but does no damage.
The scorpion stings you.
* * * LOW HITPOINT WARNING * * *
You are more poisoned.
The scorpion poisons you!
Fire: 19 sling bullets
Press: ? - help, Q - select action, (/) - cycle Shift-Dir - straight line, f/p - scorpion
Aim: a scorpion (moderately wounded, 63% to hit)
You shoot a sling bullet.
The sling bullet barely misses the scorpion.
* * * LOW HITPOINT WARNING * * *
You feel extremely sick. The scorpion barely misses you.
It was a potion of degeneration.
There was something very wrong with that liquid.
You feel weakened.
You feel dopey.
You feel clumsy.
* * * LOW HITPOINT WARNING * * *
You feel very sick. The scorpion stings you.
You die...

................#
..####..###.....#..
..# #..#?#.....#.#
..# ##.###.....#.#
..# #.........#(#
..# ###......##.#
.## #####.## (# .#
#.###s# .# #...@.#
.# ####### .# .# .#
## # # #


You could see a scorpion.

Vanquished Creatures
  A centaur (D:4)
  A hound (D:4)
  A bullfrog skeleton (D:4)
  An iguana (D:4)
  4 gnolls (D:4)
  2 adders
  An adder skeleton (D:4)
  4 worms (D:2)
  3 dart slugs
  2 bats
  2 endoplasms
  2 giant cockroaches (D:2)
  9 goblins
  3 hobgoblins
  A jackal (D:1)
  4 kobolds
  2 quokkas (D:1)
  2 ball pythons
  4 frilled lizards
  5 rats
54 creatures vanquished.

Vanquished Creatures (others)
  A jackal (D:1)
1 creature vanquished.

Grand Total: 55 creatures vanquished

Notes
Turn   | Place    | Note
-------+----------+-------------------------------------------
     0 | D:1      | H0rd4k the Human Artificer began the quest for the Orb.
     0 | D:1      | Reached XP level 1. HP: 15/15 MP: 1/1
   365 | D:1      | Reached XP level 2. HP: 20/21 MP: 2/2
  1297 | D:1      | Found a faded altar of an unknown god.
  1318 | D:1      | Reached XP level 3. HP: 21/26 MP: 3/3
  1695 | D:2      | Reached skill level 1 in Maces & Flails
  1995 | D:2      | Found a hide-covered altar of Uskayaw.
  2408 | D:2      | Reached XP level 4. HP: 27/32 MP: 4/4
  3546 | D:4      | Noticed a centaur
  3550 | D:4      | Killed a centaur
  3551 | D:4      | Reached skill level 1 in Slings
  3551 | D:4      | Reached XP level 5. HP: 17/38 MP: 5/5
  3780 | D:4      | Reached XP level 6. HP: 41/44 MP: 6/6
  3830 | D:4      | Found a broken altar of Ashenzari.
  3839 | D:4      | Found Okkolats's General Store.
  4076 | D:4      | Found a stormy altar of Qazlal.
  4079 | D:4      | Found a shimmering altar of Xom.
  4167 | D:4      | HP: 2/44 [poisoned by a scorpion]
  4167 | D:4      | Slain by a scorpion

Illustrated notes

Levels and vault maps discovered:
D:1:      minmay_arrival_arboretum_small, layout_basic,
          shapermc_ecumenical_altar_pompeii
D:2:      layout_loops_ring, basic_altar, minmay_heptomino_l4
D:3:      layout_rooms
D:4:      layout_basic, ashenzari_altar_1, mainiacjoe_overflow_catwalk_spiral,
          serial_shops, shop, item_on_display_a

Skill      XL: |  1  2  3  4  5  6 |
---------------+-------------------+-----
Maces & Flails | 1 2 3 |  3.0
Fighting       | 2 |  2.1
Slings         | 1 2 |  2.7
Armour         | |  2.9
Dodging        | |  1.6
Stealth        | |  1.9
Evocations     | |  3.5

Action                   |  1- 3 |  4- 6 || total
-------------------------+-------+-------++-------
Melee: Club              |    97 |       ||    97
       Punch             |     5 |     1 ||     6
       Whip              |    55 |    21 ||    76
 Fire: Hunting sling     |       |    64 ||    64
Evoke: Wand              |     2 |       ||     2
  Use: Potion            |       |     1 ||     1
 Stab: Sleeping          |     5 |       ||     5
Armor: Leather armour    |    39 |    12 ||    51
Dodge: Dodged            |    92 |    15 ||   107
